 Dungeon Crawl Stone Soup version 0.28-a0-535-g6f645e4c1d (webtiles) character file.

Game seed: 4115773526563095802

51 shoop the Insei (level 3, 18/18 HPs)
             Began as a Vine Stalker Warper on Sept 26, 2021.
             Quit the game on level 2 of the Dungeon.
             The game lasted 00:02:01 (2082 turns).

shoop the Insei (Vine Stalker Warper)               Turns: 2082, Time: 00:02:02

Health: 18/18      AC:  3    Str: 13    XL:     3   Next: 83%
Magic:  7/7        EV: 11    Int: 14    God:
Gold:   44         SH:  0    Dex: 13    Spells: 4/6 levels left

rFire   . . .      SeeInvis .     - Unarmed
rCold   . . .      Faith    .   (no shield)
rNeg    . . .      Spirit   +   a - +0 leather armour
rPois   .          Reflect  .   (no helmet)
rElec   .          Harm     .   (no cloak)
rCorr   .          Rampage  .   (no gloves)
Will    .....                   (no boots)
Stlth   +.........              (no amulet)
HPRegen 0.06/turn               k - ring of flight
MPRegen 0.10/turn               (no ring)

@: flying
A: fangs 2, magic shield, antimagic bite, no potion heal 2
a: no special abilities


You were on level 2 of the Dungeon.
You visited 1 branch of the dungeon, and saw 2 of its levels.

You collected 44 gold pieces.

Inventory:

Missiles
 c - 5 boomerangs of dispersal (quivered)
Armour
 a - a +0 leather armour (worn)
Jewellery
 k - a ring of flight (left hand)
Scrolls
 b - 2 scrolls of blinking
 e - a scroll of teleportation {unknown}
 f - 2 scrolls of identify {unknown}
 g - a scroll of enchant weapon {unknown}
 h - a scroll of enchant armour {unknown}
 i - a scroll of summoning {unknown}
Potions
 d - a potion of flight {unknown}
 j - a potion of degeneration {unknown}


   Skills:
 - Level 1.7 Fighting
 - Level 0.8 Throwing
 - Level 0.7 Armour
 - Level 1.5 Dodging
 + Level 4.0 Unarmed Combat
 - Level 2.1 Spellcasting
 - Level 3.0 Translocations


You had 4 spell levels left.
You knew the following spells:

 Your Spells              Type           Power      Damage    Failure   Level
b - Blink                 Tloc           N/A        N/A       13%         2

Your spell library contained the following spells:

 Spells                   Type           Power      Damage    Failure   Level
 Gell's Gravitas          Tloc           4%         N/A       26%         3
 Lesser Beckoning         Tloc           9%         N/A       26%         3
 Teleport Other           Tloc           9%         N/A       26%         3
 Manifold Assault         Tloc           9%         N/A       94%         5
 Storm Form               Tmut/Air       0%         N/A       100%        7


Dungeon Overview and Level Annotations

Branches:
Dungeon (2/15)

Altars:

Shops:
D:1 (


Innate Abilities, Weirdness & Mutations

You have extremely sharp teeth.
When hurt, damage is shared between your health and your magic reserves.
Your bite disrupts and absorbs the magic of your enemies.
Potions cannot restore your health.


Message History

No target in view!
No target in view!
No target in view!
No target in view!
No target in view!
No target in view!
No target in view!
No target in view!
No target in view!
No target in view!
No target in view!
No target in view!
You now have 44 gold pieces (gained 10).
You see here a bat corpse.
There is a stone staircase leading down here.
Found a stone staircase leading up.
A hobgoblin comes into view.
A hobgoblin is nearby!
The hobgoblin misses you.
You barely miss the hobgoblin. Your bite misses the hobgoblin.
The hobgoblin hits you.
You hit the hobgoblin. Your bite misses the hobgoblin.
The hobgoblin is almost dead.
The hobgoblin hits you but does no damage.
You hit the hobgoblin but do no damage. Your bite misses the hobgoblin.
The hobgoblin is almost dead.
You hit the hobgoblin.
You kill the hobgoblin!
No target in view!
No target in view!
No target in view!
No target in view!
No target in view!
No target in view!
No target in view!
No target in view!
No target in view!
No target in view!
Found a whip.
Are you sure you want to abandon this character and quit the game? (Confirm with "yes".)

###...###.######.###.##
#.# ##.##
#...))...รท....######.#
#.#
########.###.........#
#.# #.# #.######### #.#
#.# #.# ..# #.# #.# ###
####.###.# #....[...#
#.##@##### # #.....)#
######.#


There were no monsters in sight!

Vanquished Creatures
  An adder (D:2)
  An adder skeleton (D:2)
  3 orcs (D:2)
  9 bats
  3 endoplasms
  5 goblins
  3 hobgoblins
  4 ball pythons
  3 frilled lizards
  A kobold (D:1)
  2 rats (D:1)
35 creatures vanquished.

Notes
Turn   | Place    | Note
-------+----------+-------------------------------------------
     0 | D:1      | shoop the Vine Stalker Warper began the quest for the Orb.
     0 | D:1      | Reached XP level 1. HP: 11/11 MP: 4/4
    77 | D:1      | Found Zumidef's Antique Weapon Shop.
   204 | D:1      | Reached XP level 2. HP: 12/15 MP: 6/6
   598 | D:1      | Reached skill level 3 in Unarmed Combat
   790 | D:1      | Learned a level 2 spell: Blink
  1389 | D:2      | Reached XP level 3. HP: 16/18 MP: 5/7
  1810 | D:2      | Reached skill level 4 in Unarmed Combat
  2082 | D:2      | Quit the game

Illustrated notes

Levels and vault maps discovered:
D:1:      lightli_arrival_quake, layout_loops_ring, serial_shops,
          nicolae_shop_statue_plus
D:2:      layout_loops_ring, basic_altar, serial_shops, nicolae_diamond_shop,
          minivault_14

Skill      XL: |  1  2  3 |
---------------+----------+-----
Unarmed Combat | 3 4 |  4.0
Fighting       | |  1.7
Throwing       | |  0.8
Armour         | |  0.7
Dodging        | |  1.5
Spellcasting   | |  2.1
Translocations | |  3.0

Action                   || total
-------------------------++-------
Melee: Unarmed           ||   132
       Bite              ||    26
Armor: Leather armour    ||    57
Dodge: Dodged            ||    87

Table legend: (Time is in decaauts)
 A = Elapsed time spent in this place.
 B = Non-inter-level travel time spent in this place.
 C = Inter-level travel time spent in this place.
 D = Time resting spent in this place.
 E = Time spent auto-exploring this place.
 F = Levels seen in this place.
 G = Mean time per level.
                   A        B        C        D        E       F      G
               +--------+--------+--------+--------+--------+-----+--------+
         Total |   2073 |   2054 |     19 |     94 |   1679 |   2 | 1036.5 |
       Dungeon |   2073 |   2054 |     19 |     94 |   1679 |   2 | 1036.5 |
               +--------+--------+--------+--------+--------+-----+--------+

Top non-repeatable levels by time:
     D:1: 1262 daAuts
     D:2: 811 daAuts
